 Dungeon Crawl Stone Soup version 0.31.0-32-g396128a36d (webtiles) character file.

Game seed: 15643936376169445737

640 spaghetti the Grave Robber (level 7, -6/67 HPs)
             Began as a Naga Necromancer on Mar 10, 2024.
             Mangled by an orc
             ... wielding a +0 falchion
              (8 damage)
             ... on level 6 of the Dungeon.
             The game lasted 00:08:58 (4739 turns).

spaghetti the Grave Robber (Naga Necromancer)       Turns: 4739, Time: 00:08:59

Health: -6/67      AC:  3    Str: 11    XL:     7   Next: 51%
Magic:  3/10       EV:  9    Int: 17    God:
Gold:   108        SH:  0    Dex: 11    Spells: 9/10 levels left

rFire   . . .        k - +2 dagger (vamp)
rCold   . . .        (no shield)
rNeg    . . .        a - +0 robe
rPois   +            (no helmet)
rElec   .            (no cloak)
rCorr   .            (no gloves)
SInv    +            (no barding)
Will    .....        (no amulet)
Stlth   ++           f - ring of wizardry
HPRegen 0.31/turn    (no ring)
MPRegen 0.12/turn

%: wizardry (x1)
@: lethally poisoned (-6 -> -11), very slow
A: AC +2, large, see invisible, deformed body, poison resistance, slowness 2,
spit poison 1, naga tail 1
a: Spit Poison


You were on level 6 of the Dungeon.
You visited 1 branch of the dungeon, and saw 6 of its levels.

You collected 233 gold pieces.
You spent 125 gold pieces at shops.

Inventory:

Hand Weapons
 d - a +1 spear of freezing
 g - a +3 dagger
 h - a +0 halberd
 k - a +2 vampiric dagger (weapon)
Missiles
 c - 6 javelins
 j - 6 boomerangs
 l - a throwing net
 m - 2 poisoned darts
Armour
 a - a +0 robe (worn)
Jewellery
 f - a ring of wizardry (left hand)
Scrolls
 b - 2 scrolls of silence
 e - a scroll of amnesia


   Skills:
 + Level 5.2 Fighting
 - Level 1.5 Dodging
 - Level 3.0 Stealth
 - Level 2.0 Spellcasting
 - Level 7.0 Necromancy


You had 9 spell levels left.
You knew the following spells:

 Your Spells              Type           Power      Damage    Failure   Level
a - Necrotise             Necr           100%       1d9       1%          1

Your spell library contained the following spells:

 Spells                   Type           Power      Damage    Failure   Level
 Vampiric Draining        Necr           25%        2d7       1%          3
 Animate Dead             Necr           25%        N/A       4%          4
 Sting                    Conj/Alch      4%         1d3       8%          1
 Blink                    Tloc           2%         N/A       12%         2
 Lesser Beckoning         Tloc           2%         N/A       12%         2
 Mercury Vapours          Alch/Air       2%         N/A       12%         2
 Momentum Strike          Conj/Tloc      2%         3d8       12%         2
 Curse of Agony           Necr           25%        N/A       12%         5
 Olgreb's Toxic Radiance  Alch           1%         N/A       56%         4


Dungeon Overview and Level Annotations

Branches:
Dungeon (6/15)
 Temple: D:4-7

Altars:
Hepliaklqana
Okawaru

Shops:
D:3 *

Annotations:
D:5 exclusion: door, Eustachio, Pikel


Innate Abilities, Weirdness & Mutations

Your serpentine skin is tough. (AC +2)
You have supernaturally acute eyesight. (SInv)
Armour fits poorly on your strangely shaped body.
Your system is resistant to poisons. (rPois)
You cover ground very slowly.
You can spit poison.
You have a snake-like lower body.


Message History

Okay, then.
You aren't carrying any potions.
Unknown command.
Casting: Necrotise (safe; 1% risk of failure)
Confirm with . or Enter, or press ? or * to list all spells.
Aiming: Necrotise (safe; 1% risk of failure)
Press: ? - help, Shift-Dir - straight line, f/p - killer bee
Aim: a killer bee (heavily wounded, chance to affect: 88%)
The killer bee writhes in agony.
You feel sick. The killer bee stings you.
* * * LOW HITPOINT WARNING * * *
You are more poisoned.
The killer bee poisons you! The killer bee closely misses you.
The killer bee stings you!
* * * LOW HITPOINT WARNING * * *
The killer bee stings you but does no damage. x2
The orc hits you with a +0 falchion.
* * * LOW HITPOINT WARNING * * *
Unknown command.
Unknown command.
Okay, then.
Unknown command.
You aren't carrying any potions.
Unknown command.
Unknown command.
Unknown command.
Unknown command.
Casting: Necrotise (safe; 1% risk of failure)
Confirm with . or Enter, or press ? or * to list all spells.
Aiming: Necrotise (safe; 1% risk of failure)
Press: ? - help, Shift-Dir - straight line, f/p - killer bee
Aim: a killer bee (heavily wounded, chance to affect: 88%)
The killer bee writhes in agony!
You kill the killer bee!
* * * LOW HITPOINT WARNING * * *
You feel sick.
The killer bee stings you but does no damage.
The killer bee barely misses you. The hound bites you but does no damage.
The killer bee barely misses you. The killer bee closely misses you.
The orc hits you with a +0 falchion!
You die...

#......[......
#............
.....#......
...........
...$......
.........#
.....?h(.#
......o@y#
./......y...o...
............##..
.........#..#
..............
.........#.##.?
##.#...##### .##
...... #


You could see an orc warrior, a hound, 2 killer bees and an orc.

Vanquished Creatures
  A black bear (D:4)
  A scorpion (D:6)
  A killer bee (D:6)
  A bombardier beetle (D:3)
  An orc priest (D:5)
  A jelly (D:5)
  A hound (D:5)
  An iguana (D:5)
  An orc wizard (D:4)
  7 gnolls (D:3)
  3 adders
  An ufetubus (D:5)
  2 dart slugs (D:4)
  2 ribbon worms (D:2)
  12 orcs
  3 ball pythons (D:2)
  6 bats
  5 endoplasms
  3 giant cockroaches
  6 goblins
  9 hobgoblins
  7 kobolds
  2 quokkas (D:1)
  A frilled lizard (D:1)
  4 rats
82 creatures vanquished.

Vanquished Creatures (collateral kills)
  A black bear (D:5)
  An orc priest (D:3)
  An ufetubus (D:5)
  A frilled lizard (D:3)
4 creatures vanquished.

Grand Total: 86 creatures vanquished

Notes
Turn   | Place    | Note
-------+----------+-------------------------------------------
     0 | D:1      | spaghetti the Naga Necromancer began the quest for the Orb.
     0 | D:1      | Reached XP level 1. HP: 15/15 MP: 3/3
   187 | D:1      | Reached XP level 2. HP: 22/22 MP: 0/5
  1253 | D:2      | Reached XP level 3. HP: 28/28 MP: 3/6
  1450 | D:2      | Reached skill level 5 in Necromancy
  2331 | D:3      | Found Qoyt's Assorted Antiques.
  2377 | D:3      | Bought a blackened peridot ring for 125 gold pieces
  2428 | D:3      | Reached XP level 4. HP: 27/36 MP: 2/7
  2530 | D:3      | Reached skill level 6 in Necromancy
  2628 | D:3      | Reached XP level 5. HP: 42/42 MP: 2/8
  2867 | D:3      | Found an iron altar of Okawaru.
  2879 | D:3      | Found a hazy altar of Hepliaklqana.
  2916 | D:3      | Reached skill level 7 in Necromancy
  2916 | D:3      | Reached XP level 6. HP: 20/49 MP: 1/9
  3220 | D:4      | Reached skill level 1 in Fighting
  3723 | D:4      | Noticed a black bear
  3728 | D:4      | Killed a black bear
  3848 | D:5      | Entered Level 5 of the Dungeon
  3848 | D:5      | Noticed a black bear
  3848 | D:5      | Noticed an orc warrior
  4016 | D:5      | Noticed Pikel
  4306 | D:5      | Noticed Eustachio
  4571 | D:5      | Reached XP level 7. HP: 63/63 MP: 5/10
  4736 | D:6      | Reached skill level 5 in Fighting
  4739 | D:6      | HP: 2/67 [poisoned by a killer bee]
  4739 | D:6      | Mangled by an orc

Illustrated notes

Levels and vault maps discovered:
D:1:      dpeg_arrival_another_circle, layout_basic, skrybe_limestone_x
D:2:      layout_basic, dk_noncrumbling_2, serial_bayou_crossing
D:3:      layout_rooms, general_overflow_altar, lemuel_round_altar,
          serial_shops, nicolae_shop_crystal
D:4:      layout_gridville
D:5:      dreamdust_elfheim, layout_gridville, serial_demonic, serial_demonic_e,
          serial_demonic_c, serial_demonic_e, serial_demonic_f, uniq_pikel,
          uniq_eustachio
D:6:      layout_rooms

Skill      XL: |  1  2  3  4  5  6  7 |
---------------+----------------------+-----
Necromancy     | 5 6 7 |  7.0
Fighting       | 3 5 |  5.2
Dodging        | |  1.5
Stealth        | |  3.0
Spellcasting   | |  2.0

Action                     |  1- 3 |  4- 6 |  7- 9 || total
---------------------------+-------+-------+-------++-------
  Melee: Unarmed           |    37 |       |       ||    37
         Spear             |     4 |    19 |       ||    23
         Dagger            |       |    39 |       ||    39
   Cast: Necrotise         |    66 |    80 |    18 ||   164
Ability: Spit Poison       |    11 |    13 |       ||    24
    Use: Potion            |     5 |     4 |       ||     9
         Scroll            |     4 |     3 |       ||     7
   Stab: Sleeping          |     2 |     1 |       ||     3
         Invisible         |       |     1 |       ||     1
 Armour: Robe              |    56 |   107 |    18 ||   181
  Dodge: Dodged            |    34 |    71 |     6 ||   111
